 Seeded DCSS version 0.30-a0-918-g0ff054e9dc (webtiles) character file.

Game seed: 3125986916090331667 (custom seed)

129430 bmack86 the Severer (level 16, 0/149 HPs)
             Began as a Minotaur Fighter on Mar 20, 2023.
             Was a High Priest of Okawaru.
             Slain by Polyphemus (8 damage)
             ... while petrified by a catoblepas
             ... on level 3 of the Shoals on Mar 21, 2023.
             The game lasted 01:11:28 (27976 turns).

bmack86 the Severer (Minotaur Fighter)             Turns: 27976, Time: 01:11:28

Health: 0/149      AC: 29    Str: 25    XL:     16   Next: 50%
Magic:  24/24      EV:  2    Int:  9    God:    Okawaru [*****.]
Gold:   2280       SH:  0    Dex: 12    Spells: 15/15 levels left

rFire   + . .      SeeInvis +    b - +9 broad axe (flame)
rCold   . . .      Faith    .    x - +2 buckler of Beogh's Brutal Revenge {rPois Int+2}
rNeg    + + +      Spirit   .    o - +2 plate armour {Will+}
rPois   ∞          Reflect  +    U - +2 hat {SInv}
rElec   .          Rampage  .    w - +2 cloak
rCorr   .                        T - +0 pair of gloves
Will    ++...                    P - +1 pair of boots Stlth
                                 G - amulet of reflection
HPRegen 0.44/turn                R - ring of flight
MPRegen 0.19/turn                c - ring of Sunlight {rF+ Slay+4}

@: petrified, flying, studying Armour
A: horns 2, retaliatory headbutt
a: Renounce Religion, Heroism, Finesse, Duel


You were on level 3 of the Shoals.
You worshipped Okawaru.
Okawaru was extremely pleased with you.
You visited 5 branches of the dungeon, and saw 26 of its levels.
You also visited: Ice Cave.

You collected 2887 gold pieces.
You spent 607 gold pieces at shops.

Inventory:

Hand Weapons
 a - a +0 war axe of electrocution
 b - a +9 broad axe of flaming (weapon)
Missiles
 j - 25 poisoned darts
 t - a throwing net
 v - 9 curare-tipped darts
 y - 17 boomerangs (quivered)
 F - 4 javelins
 O - 5 silver javelins
Armour
 f - the +0 hat of Beyond {-Tele rElec rF+}
   (Okawaru gifted it to you on level 1 of the Orcish Mines)

   rF:        It protects you from fire.
   rElec:     It insulates you from electricity.
   -Tele:     It prevents most forms of teleportation.
 o - a +2 plate armour of willpower (worn)
 r - a +0 tower shield
 w - a +2 cloak (worn)
 x - the +2 buckler of Beogh's Brutal Revenge (worn) {rPois Int+2}
   (You acquired it on level 5 of the Dungeon)

   Int:       It affects your intelligence (+2).
   rPois:     It protects you from poison.
 N - +0 ice dragon scales
 P - a +1 pair of boots (worn)
 T - a +0 pair of gloves (worn)
 U - a +2 hat of see invisible (worn)
Jewellery
 c - the ring of Sunlight (right hand) {rF+ Slay+4}
   (You acquired it on level 5 of the Dungeon)

   [ring of slaying]

   Slay:      It affects your accuracy & damage with ranged weapons and melee
   (+4).
   rF:        It protects you from fire.
 g - a +6 ring of strength
 s - a ring of see invisible
 E - a +6 ring of dexterity
 G - an amulet of reflection (around neck)
 K - a +6 ring of strength
 R - a ring of flight (left hand)
 S - a ring of protection from cold
Wands
 l - a wand of acid (4)
 m - a wand of roots (5)
 n - a wand of flame (64)
 I - a wand of digging (4)
Scrolls
 i - 7 scrolls of teleportation
 B - a scroll of identify
 D - a scroll of amnesia
 H - 2 scrolls of blinking
 L - 5 scrolls of magic mapping
 Q - 2 scrolls of fear
 X - a scroll of fog
Potions
 d - 7 potions of might
 e - 3 potions of cancellation
 h - 2 potions of heal wounds
 k - 3 potions of resistance
 p - 2 potions of magic
 q - a potion of invisibility
 u - 2 potions of brilliance
 z - 8 potions of curing
 A - 3 potions of ambrosia
 C - 6 potions of haste
 M - 4 potions of flight


   Skills:
 + Level 15.2 Fighting
 - Level 18.0 Axes
 - Level 10.0 Throwing
 + Level 16.1 Armour
 + Level 15.3 Shields
 + Level 12.3 Invocations


You had 15 spell levels left.
You didn't know any spells.
Your spell library contained the following spells:

 Spells                   Type           Power      Damage    Failure   Level
 Apportation              Tloc           0%         N/A       97%         1
 Magic Dart               Conj           0%         1d3       97%         1
 Necrotise                Necr           0%         1d4       97%         1
 Sandblast                Erth           0%         2d4       97%         1
 Blink                    Tloc           0%         N/A       99%         2
 Ensorcelled Hibernation  Hex/Ice        0%         N/A       99%         2
 Lesser Beckoning         Tloc           0%         N/A       99%         2
 Momentum Strike          Conj/Tloc      0%         3d8       99%         2
 Passwall                 Tmut/Erth      0%         N/A       99%         2
 Sublimation of Blood     Necr           0%         N/A       99%         2
 Inner Flame              Hex/Fire       0%         N/A       100%        3
 Mephitic Cloud           Conj/Pois/Air  0%         N/A       100%        3
 Portal Projectile        Hex/Tloc       0%         N/A       100%        3
 Spider Form              Tmut/Pois      0%         N/A       100%        3
 Stone Arrow              Conj/Erth      0%         3d7       100%        3
 Swiftness                Air            0%         N/A       100%        3
 Airstrike                Air            0%         2d(0-16)  100%        4
 Anguish                  Hex/Necr       0%         N/A       100%        4
 Cause Fear               Hex            0%         N/A       100%        4
 Flame Wave               Conj/Fire      0%         2d4       100%        4
 Leda's Liquefaction      Hex/Erth       0%         N/A       100%        4
 Petrify                  Tmut/Erth      0%         N/A       100%        4
 Sticky Flame             Conj/Fire      0%         2d3       100%        4
 Irradiate                Conj/Tmut      0%         3d11      100%        5
 Plasma Beam              Fire/Air       0%         2x1d11    100%        5
 Yara's Violent Unravell  Hex/Tmut       0%         3d3       100%        5
 Conjure Ball Lightning   Conj/Air       0%         3x3d6     100%        6
 Statue Form              Tmut/Erth      0%         N/A       100%        6
 Enfeeble                 Hex            0%         N/A       100%        7
 Borgnjor's Revivificati  Necr           0%         N/A       100%        8
 Discord                  Hex            0%         N/A       100%        8
 Disjunction              Tloc           0%         N/A       100%        8
 Lehudib's Crystal Spear  Conj/Erth      0%         10d2      100%        8
 Necromutation            Tmut/Necr      0%         N/A       100%        8
 Chain Lightning          Conj/Air       0%         N/A       100%        9
 Death's Door             Necr           0%         N/A       100%        9
 Fire Storm               Conj/Fire      0%         5d1       100%        9
 Shatter                  Erth           0%         3d5*      100%        9
 Summon Small Mammal      Summ           Unusable   N/A       N/A         1
 Call Imp                 Summ           Unusable   N/A       N/A         2
 Call Canine Familiar     Summ           Unusable   N/A       N/A         3
 Summon Lightning Spire   Summ/Air       Unusable   N/A       N/A         4

Dungeon Overview and Level Annotations

Branches:
Dungeon (15/15)            Temple (1/1) D:5            Lair (5/5) D:10
 Shoals (3/4) Lair:2        Snake (0/4) Lair:3        Slime (0/5) Lair:4
    Orc (2/2) D:9             Elf (0/3) Orc:2        Vaults (0/5) D:13
 Depths (0/4) D:15          IceCv (visited)

Altars:
Cheibriados
Dithmenos
Fedhas
Gozag
Hepliaklqana
Kikubaaqudgha
Nemelex Xobeh
Okawaru
Qazlal
Uskayaw
Wu Jian
Xom
The Shining One
Jiyva

Shops:
D:3 :   D:5 (**?   D:7 :   D:11 :   Orc:1 :   Orc:2 :[!

Portals:
Trove: D:11 (give +2 storm dragon scales)

Annotations:
Shoals:3 Polyphemus


Innate Abilities, Weirdness & Mutations

You have a pair of horns on your head.
You reflexively headbutt those who attack you in melee.


Message History

The death yak gores you! The death yak completely misses you.
You block the catoblepas's attack.
The death yak is engulfed in calcifying dust.
The death yak stops moving altogether!
Unknown command.
You slash the death yak! You burn the death yak. You headbutt the death yak.
You kill the death yak!
Okawaru accepts your kill.
You slash the catoblepas! You burn the catoblepas.
The helpless death yak fails to defend itself.
You cut the death yak into ribbons!!! You burn the death yak!
You hit the death yak but do no damage. You slice Polyphemus!!
You burn Polyphemus.
You are engulfed in calcifying dust.
Your limbs have turned to stone.
You block Polyphemus's attack. x2
The death yak is engulfed in calcifying dust.
The catoblepas breathes a plume of calcifying dust at you.
The blast of calcifying dust hits you but does no damage.
The death yak barely misses you.
You have turned to stone.
You are engulfed in calcifying dust.
Polyphemus hits you but does no damage. Polyphemus hits you.
The death yak is engulfed in calcifying dust.
The catoblepas gores you! The death yak gores you!
* * * LOW HITPOINT WARNING * * *
You are engulfed in calcifying dust.
Polyphemus hits you!
* * * LOW HITPOINT WARNING * * *
Polyphemus hits you!
* * * LOW HITPOINT WARNING * * *
The catoblepas gores you but does no damage.
The death yak gores you!
* * * LOW HITPOINT WARNING * * *
You are engulfed in calcifying dust.
Polyphemus hits you!
* * * LOW HITPOINT WARNING * * *
Polyphemus hits you!!
* * * LOW HITPOINT WARNING * * *
The catoblepas breathes a plume of calcifying dust at you.
The blast of calcifying dust hits you but does no damage.
The death yak gores you.
* * * LOW HITPOINT WARNING * * *
Polyphemus hits you!
You die...

~....#
##....~~~~~≈≈≈≈≈≈≈
~....#
....###.....~~~~~≈≈≈≈≈≈≈
....##
.~~..)......~~~~†≈≈≈≈≈≈≈
.####
.~~....~.....~~~≈≈≈≈≈≈≈≈
##
.~~~~~~~.###.~~~≈≈≈≈≈≈≈≈
# ..~~~~~..
##.~~≈≈≈≈≈≈≈≈ .#
..~~~~~.## #.~~≈≈≈≈≈≈≈≈
...
..~~≈≈~†Y####.~~≈≈≈≈≈≈≈≈
...
.~~~~~.@Y...$.~~≈≈≈≈≈≈≈≈
~~.
.~~~..§CY....~~~≈≈≈≈≈≈≈≈
~~.
~~~~.......~~~~≈≈≈≈≈≈≈≈≈
~~~
~~~~§.###..~~~≈≈≈≈≈≈≈≈≈≈
~~ ~~~~..
#..~~≈≈≈≈≈≈≈≈≈≈≈ ~
~≈≈~~. #...~~≈≈≈≈≈≈≈≈≈≈≈
≈≈≈~~ .....~~≈≈≈≈≈≈≈≈≈≈≈
≈≈≈≈~ ~..~~~~≈≈≈≈≈≈≈≈≈≈≈
≈≈≈≈≈≈≈≈≈≈


You could see Polyphemus, 2 death yaks and a catoblepas.

Vanquished Creatures
  Jorgrun (Orc:1)
  2 krakens (Shoals:2)
  3 azure jellies (Lair:4)
  4 orc warlords (Orc:1)
  A reaper (IceCv)
  The ghost of Opnastoc the Severer, a journeyman MiBe of Trog (D:14)
  2 merfolk impalers
  A fire dragon (Shoals:3)
  A hydra (Lair:5)
  4 vault guards (D:13)
  2 ogre magi
  An ice dragon (Shoals:3)
  An alligator snapping turtle (Shoals:2)
  3 merfolk avatars
  7 centaur warriors
  8 two-headed ogres
  2 boulder beetles
  The ghost of pokeman the Thaumaturge, a journeyman DEHW (D:10)
  2 death yaks
  Sonja (Lair:3)
  2 orc high priests
  2 spriggans (D:14)
  Amaemon (Lair:2)
  7 skysharks
  2 skeletal warriors (D:15)
  A flayed ghost (D:15)
  A goliath frog (Lair:5)
  2 sea snakes
  2 deep elf archers
  20 harpies
  A wizard (D:13)
  6 deep elf pyromancers
  3 deep elf zephyrmancers (Orc:1)
  3 orc knights
  An ugly thing (D:12)
  7 cyclopes
  A fire giant zombie (D:15)
  A necromancer (D:15)
  A frost giant zombie (D:15)
  7 orc sorcerers
  7 manticores
  An ice statue (IceCv)
  3 elephants (Lair:1)
  14 fauns
  2 merfolk sirens
  A fire giant skeleton (D:15)
  2 water nymphs (Shoals:3)
  3 black mambas
  Maggie (Lair:2)
  An orange demon (Lair:2)
  3 unseen horrors
  A torpor snail (Lair:5)
  3 gargoyles
  7 komodo dragons
  15 cane toads
  2 rime drakes (Lair:4)
  2 freezing wraiths
  An ice devil (IceCv)
  An anaconda simulacrum (IceCv)
  5 yaktaurs (D:15)
  A troll (shapeshifter) (D:15)
  A tengu conjurer (D:15)
  5 wind drakes
  A polar bear (Lair:3)
  12 trolls
  A blink frog (shapeshifter) (D:12)
  A tarantella (shapeshifter) (D:14)
  2 tyrant leeches (Lair:5)
  8 merfolk
  4 hornets
  7 snapping turtles
  24 blink frogs
  9 dream sheep
  9 slime creatures
  A vampire (D:11)
  A water elemental (Shoals:3)
  A shadow (D:10)
  5 wraiths
  An ettin skeleton (D:15)
  44 yaks
  4 basilisks
  5 wyverns
  A death yak simulacrum (IceCv)
  2 steam dragons (D:7)
  9 vampire mosquitoes
  A neqoxec (D:10)
  2 nagas (Lair:3)
  2 wargs
  4 acid dragons
  3 hydra simulacra (IceCv)
  12 water moccasins
  4 black bears
  32 orc warriors
  2 ice beasts
  5 ogres
  A sky beast (D:6)
  A boggart (D:14)
  22 wolves
  11 centaurs
  3 kobold brigands
  18 bullfrogs
  2 gnoll sergeants (D:9)
  6 scorpions
  4 two-headed ogre simulacra (IceCv)
  A cane toad simulacrum (IceCv)
  5 wights (D:8)
  An elephant simulacrum (IceCv)
  8 killer bees
  A howler monkey (D:9)
  A hound (D:6)
  5 jellies
  3 quasits (D:10)
  2 gnoll boudas
  24 orc priests
  Crazy Yiuf (D:7)
  4 iguanas
  A sleepcap (D:4)
  Jessica (D:14)
  Natasha (thrice) (D:2)
  42 orc wizards
  2 polar bear simulacra (IceCv)
  4 troll simulacra (IceCv)
  3 wolf simulacra (IceCv)
  10 spriggan simulacra (IceCv)
  17 gnolls
  7 adders
  6 naga simulacra (IceCv)
  9 white imps
  5 ufetubi (IceCv)
  A worm (D:2)
  2 dart slugs
  74 orcs
  7 endoplasms
  2 giant cockroaches
  5 hobgoblins
  4 jackals (D:4)
  18 kobolds
  4 quokkas
  9 ball pythons
  4 bats
  2 frilled lizards
  9 goblins
  4 rats
  10 bushes
  2 tentacles (Shoals:2)
811 creatures vanquished.

Vanquished Creatures (others)
  An orc wizard (Orc:2)
  22 fungi
  118 plants
  16 tentacles (Shoals:2)
  A withered plant (D:15)
158 creatures vanquished.

Grand Total: 969 creatures vanquished

Notes
Turn   | Place    | Note
-------+----------+-------------------------------------------
     0 | D:1      | bmack86 the Minotaur Fighter began the quest for the Orb.
     0 | D:1      | Reached XP level 1. HP: 19/19 MP: 0/0
   176 | D:1      | Reached XP level 2. HP: 22/27 MP: 1/1
   391 | D:1      | Reached skill level 3 in Axes
   595 | D:1      | Reached XP level 3. HP: 28/33 MP: 2/2
  1048 | D:2      | Noticed Natasha
  1055 | D:2      | Killed Natasha
  1056 | D:2      | Reached XP level 4. HP: 30/40 MP: 3/3
  1181 | D:2      | Reached skill level 4 in Axes
  1301 | D:2      | Noticed Natasha
  1308 | D:2      | Killed Natasha
  1321 | D:2      | Noticed Natasha
  1327 | D:2      | Killed Natasha
  1488 | D:3      | Found an iron altar of Okawaru.
  1494 | D:3      | Reached XP level 5. HP: 46/47 MP: 4/4
  1521 | D:3      | Became a worshipper of Warmaster Okawaru
  1549 | D:3      | Found Digoh's Book Boutique.
  1669 | D:3      | Identified the +1 chain mail of Supple Strength {Harm
                  | Str+3}
  2383 | D:4      | Reached skill level 1 in Invocations
  2383 | D:4      | Reached XP level 6. HP: 53/53 MP: 5/5
  2388 | D:4      | Reached skill level 5 in Axes
  2392 | D:4      | Reached skill level 1 in Throwing
  2393 | D:4      | Reached * piety under Okawaru
  2394 | D:4      | Reached skill level 5 in Armour
  2394 | D:4      | Reached skill level 5 in Shields
  2398 | D:4      | Reached skill level 5 in Fighting
  2448 | D:4      | You fall into a shaft and drop 1 floor!
  2448 | D:5      | Entered Level 5 of the Dungeon
  2491 | D:5      | Found Kuxiet's Assorted Antiques.
  2495 | D:5      | Found Tuexan's Magic Scroll Boutique.
  2503 | D:5      | Found Istewn's Weapon Boutique.
  2513 | D:5      | Reached XP level 7. HP: 34/61 MP: 3/7
  2519 | D:5      | Reached ** piety under Okawaru
  2520 | D:5      | Reached skill level 6 in Axes
  2693 | D:5      | Found Keelodoj's General Store.
  2714 | D:5      | Bought a scroll of enchant armour for 90 gold pieces
  2789 | D:5      | Identified 3 scrolls of acquirement
  2789 | D:5      | Acquired the +2 buckler of Beogh's Brutal Revenge {rPois
                  | Int+2}
  2803 | D:5      | Acquired a +2 heavy broad axe
  2805 | D:5      | Acquired the ring of Sunlight {rF+ Slay+4}
  2938 | D:5      | Reached XP level 8. HP: 69/69 MP: 8/8
  2947 | D:5      | Found a staircase to the Ecumenical Temple.
  2979 | Temple   | Entered the Ecumenical Temple
  3147 | D:6      | Reached skill level 7 in Axes
  3167 | D:6      | Reached *** piety under Okawaru
  3350 | D:6      | Reached skill level 8 in Axes
  3404 | D:6      | Noticed a troll
  3407 | D:6      | Killed a troll
  3408 | D:6      | Reached XP level 9. HP: 73/78 MP: 10/10
  3501 | D:6      | Found an ornate altar of the Wu Jian Council.
  3591 | D:6      | Reached **** piety under Okawaru
  3930 | D:7      | Found Jauttyss's Tremendous Tomes.
  4010 | D:7      | Reached skill level 9 in Axes
  4108 | D:7      | Found a runed translucent door.
  4109 | D:7      | Noticed Crazy Yiuf
  4632 | D:7      | Killed Crazy Yiuf
  4835 | D:8      | Found a transporter.
  4840 | D:8      | Noticed an ogre mage
  4841 | D:8      | Found a transporter.
  5013 | D:8      | Found a sparkling altar of Nemelex Xobeh.
  5121 | D:8      | Found a large runed translucent door.
  5125 | D:8      | Found a large runed translucent door.
  5189 | D:8      | Found a glowing golden altar of the Shining One.
  5384 | D:8      | Reached ***** piety under Okawaru
  5385 | D:8      | Reached XP level 10. HP: 86/86 MP: 12/12
  5474 | D:8      | Found a shadowy altar of Dithmenos.
  5478 | D:8      | Received a gift from Okawaru
  5488 | D:8      | Found a shimmering altar of Xom.
  5582 | D:9      | Reached skill level 5 in Throwing
  5691 | D:9      | Noticed a two-headed ogre
  5701 | D:9      | Killed a two-headed ogre
  5702 | D:9      | Reached skill level 10 in Axes
  5702 | D:9      | Reached skill level 5 in Invocations
  5707 | D:9      | Received a gift from Okawaru
  5889 | D:9      | Found a staircase to the Orcish Mines.
  6143 | D:10     | Entered Level 10 of the Dungeon
  6151 | D:10     | Received a gift from Okawaru
  6171 | D:10     | Noticed a two-headed ogre
  6182 | D:10     | Killed a two-headed ogre
  6182 | D:10     | Received a gift from Okawaru
  6196 | D:10     | Reached skill level 11 in Axes
  6200 | D:10     | Found a staircase to the Lair.
  6210 | D:10     | Identified the +0 ring mail "Pocvy" {rC+ Int-5 Dex+4}
                  | (Okawaru gifted it to you on level 10 of the Dungeon)
  6210 | D:10     | Received a gift from Okawaru
  6217 | D:10     | Reached XP level 11. HP: 59/95 MP: 4/14
  6383 | D:10     | Noticed a two-headed ogre
  6386 | D:10     | Killed a two-headed ogre
  6504 | D:10     | Found a transporter.
  6506 | D:10     | Found the +9 staff of Wucad Mu {*channel}
  6507 | D:10     | Noticed pokeman's ghost (journeyman DEHW)
  6656 | D:10     | Found a transporter.
  7508 | D:4      | Found a hazy altar of Hepliaklqana.
  7816 | Lair:1   | Entered Level 1 of the Lair of Beasts
  8035 | Lair:1   | Reached skill level 12 in Axes
  8789 | Lair:2   | Found a staircase to the Shoals.
  8823 | Lair:2   | Identified the +0 battleaxe "Eviulu" {flame, rPois Int+3}
                  | (Okawaru gifted it to you on level 2 of the Lair of Beasts)
  8823 | Lair:2   | Received a gift from Okawaru
  8992 | Lair:2   | Noticed Amaemon
  8997 | Lair:2   | Killed Amaemon
  8998 | Lair:2   | Reached XP level 12. HP: 106/106 MP: 13/16
  9077 | Lair:2   | Reached skill level 10 in Shields
  9080 | Lair:2   | Reached skill level 10 in Armour
  9089 | Lair:2   | Reached skill level 13 in Axes
  9369 | Lair:2   | Noticed Maggie
  9379 | Lair:2   | Killed Maggie
  9426 | Lair:2   | Reached skill level 10 in Fighting
  9649 | Lair:3   | Noticed Sonja
  9654 | Lair:3   | Killed Sonja
  9673 | Lair:3   | Found a staircase to the Snake Pit.
  9689 | Lair:3   | Received a gift from Okawaru
 10066 | Lair:3   | You fall into a shaft and drop 2 floors!
 10066 | Lair:5   | Entered Level 5 of the Lair of Beasts
 10094 | Lair:4   | Reached ****** piety under Okawaru
 10123 | Lair:4   | Found a runed translucent door.
 10123 | Lair:4   | Found a viscous altar of Jiyva.
 10125 | Lair:4   | Noticed an azure jelly
 10125 | Lair:4   | Noticed an azure jelly
 10132 | Lair:4   | Found a staircase to the Slime Pits.
 10133 | Lair:4   | Noticed an azure jelly
 10283 | Lair:4   | Found a frozen archway.
 10484 | IceCv    | Entered an ice cave
 10651 | IceCv    | Received a gift from Okawaru
 10918 | IceCv    | Reached skill level 14 in Axes
 11088 | IceCv    | Identified the +3 leather armour of Xom's Reproof {Fly
                  | Regen+ Str+2 Int-2}
 11114 | IceCv    | Noticed a reaper
 11122 | IceCv    | Received a gift from Okawaru
 11129 | IceCv    | HP: 3/108 [reaper/+3 scythe of freezing (35)]
 11137 | IceCv    | Killed a reaper
 11137 | IceCv    | Received a gift from Okawaru
 12294 | Lair:4   | Reached XP level 13. HP: 88/115 MP: 18/18
 13227 | Lair:5   | Found an ornate altar of the Wu Jian Council.
 13228 | Lair:5   | Found a hide-covered altar of Uskayaw.
 13357 | Lair:5   | Reached skill level 15 in Axes
 13398 | Lair:5   | Received a gift from Okawaru
 13782 | Lair:5   | Received a gift from Okawaru
 13815 | Lair:5   | Received a gift from Okawaru
 14897 | D:11     | Found a portal to a secret trove of treasure.
 14918 | D:11     | Reached XP level 14. HP: 85/125 MP: 19/19
 14922 | D:11     | Identified the +0 war axe of Gozag's Scorn {flame, rCorr
                  | Dex+2 SInv Stlth-}
 15021 | D:11     | Found Rois's Book Emporium.
 15431 | D:12     | Reached skill level 16 in Axes
 16230 | D:12     | Got the Omnibus of Underground Obstruction
 16783 | D:13     | Identified the scarf of Parlour Games {harm, rN+++}
                  | (Okawaru gifted it to you on level 13 of the Dungeon)
 16783 | D:13     | Received a gift from Okawaru
 17196 | D:13     | Found a gate to the Vaults.
 17744 | D:14     | Acquired 458 gold pieces
 17751 | D:14     | Found a blossoming altar of Fedhas.
 17769 | D:14     | Identified the +2 short sword of Wisdom {freeze, Will+}
 17865 | D:14     | Identified the +4 long sword "Reuschakk" {venom, rElec}
 18129 | D:14     | Found a runed translucent door.
 18132 | D:14     | Noticed Opnastoc's ghost (journeyman MiBe)
 18133 | D:14     | Identified the +9 trident of Lituorirph {vamp, *Slow Str+2
                  | Int+4}
 18238 | D:14     | Reached skill level 10 in Throwing
 18297 | D:14     | Found a sparkling altar of Nemelex Xobeh.
 18297 | D:14     | Noticed Jessica
 18302 | D:14     | Killed Jessica
 18373 | D:14     | Reached skill level 10 in Invocations
 18595 | D:14     | Reached skill level 17 in Axes
 19054 | D:14     | Killed Opnastoc's ghost
 19221 | D:15     | Entered Level 15 of the Dungeon
 19365 | D:15     | Received a gift from Okawaru
 19672 | D:15     | Found a staircase to the Depths.
 19677 | D:15     | Received a gift from Okawaru
 19680 | D:15     | Reached XP level 15. HP: 55/134 MP: 21/21
 20766 | D:10     | Killed pokeman's ghost
 20920 | Lair:4   | Killed an azure jelly
 20927 | Lair:4   | Killed an azure jelly
 20933 | Lair:4   | Killed an azure jelly
 21042 | Orc:1    | Entered Level 1 of the Orcish Mines
 21188 | Orc:1    | Identified the +4 chain mail of Understanding {+Inv rC+}
 21564 | Orc:1    | Noticed Jorgrun
 21583 | Orc:1    | Killed Jorgrun
 21584 | Orc:1    | Reached skill level 18 in Axes
 21602 | Orc:1    | Identified the +0 hat of Beyond {-Tele rElec rF+} (Okawaru
                  | gifted it to you on level 1 of the Orcish Mines)
 21602 | Orc:1    | Received a gift from Okawaru
 21737 | Orc:1    | Found Zeerph's Book Shop.
 22143 | Orc:1    | Identified the +0 chain mail of Teic {Rampage rN+ Int-5}
 22363 | Orc:1    | Found a shimmering altar of Xom.
 22727 | Orc:2    | Entered Level 2 of the Orcish Mines
 23579 | Orc:2    | Found a staircase to the Elven Halls.
 23875 | Orc:2    | Found Miebles's Distillery.
 23876 | Orc:2    | Found Opnuc's Assorted Antiques.
 23877 | Orc:2    | Found Dust's Book Shoppe.
 23881 | Orc:2    | Found Qinin's Armour Emporium.
 23884 | Orc:2    | Bought a potion of curing for 51 gold pieces
 23884 | Orc:2    | Bought a potion of might for 68 gold pieces
 23884 | Orc:2    | Bought a potion of magic for 136 gold pieces
 23884 | Orc:2    | Bought a potion of might for 68 gold pieces
 23884 | Orc:2    | Bought a potion of invisibility for 136 gold pieces
 23888 | Orc:2    | Bought a +0 tower shield for 58 gold pieces
 24126 | Shoals:1 | Entered Level 1 of the Shoals
 24816 | Shoals:1 | Acquired a manual of Armour
 24918 | Shoals:1 | Reached XP level 16. HP: 125/147 MP: 23/23
 24925 | Shoals:1 | Received a gift from Okawaru
 25399 | Shoals:1 | Reached skill level 15 in Armour
 25944 | Shoals:2 | Noticed a kraken
 25957 | Shoals:2 | Killed a kraken
 26485 | Shoals:2 | Noticed a kraken
 26567 | Shoals:2 | Killed a kraken
 26709 | Shoals:2 | Reached skill level 15 in Shields
 27361 | Shoals:3 | Reached skill level 15 in Fighting
 27434 | Shoals:3 | Identified the +1 animal skin of Ryesus {+Inv Will+}
 27960 | Shoals:3 | Noticed Polyphemus
 27975 | Shoals:3 | HP: 7/149 [death yak[Polyphemus] (3)]
 27976 | Shoals:3 | Slain by Polyphemus

Illustrated notes

Levels and vault maps discovered:
D:1:      amcnicky_arrival_single_pillar, layout_loops_cross,
          hangedman_glass_garden
D:2:      layout_loops_ring, dk_vineyard_1, uniq_natasha
D:3:      layout_basic, mainiacjoe_overflow_catwalk, serial_forest,
          infiniplex_forest_zigzag_1, infiniplex_forest_split,
          infiniplex_forest_end_double, infiniplex_forest_lined_room_,
          infiniplex_forest_corner_1, infiniplex_forest_lined_room_2,
          serial_shops, nicolae_shop_hallway_stairs
D:4:      layout_basic, old_standard_altar
D:5:      layout_rooms, minmay_temple_entry_drinking_statues,
          minmay_shop_grid_forest
D:6:      layout_rooms, lemuel_tele_altar, minmay_microvault
D:7:      layout_basic, minmay_misc_feat_hallway, nicolae_shop_i_like_big_books,
          chequers_serial_rivers_large_a, uniq_crazy_yiuf_cottage
D:8:      gammafunk_beogh_shrine, layout_basic,
          mainiacjoe_overflow_six_doors_small, jmf_multi_god_temple2,
          kennysheep_little_box, serial_curves, eino_curves_01, eino_curves_02
D:9:      layout_roguey, orc_0_dummy
D:10:     layout_rooms, minmay_lair_entry_grove, gammafunk_ghost_stat_death,
          minmay_orc_keep
D:11:     layout_loops_ring, serial_shops, shop, enter_trove_1, serial_glass,
          glass_columns_b, glass_columns_b
D:12:     nicolae_hexawheel, layout_irregular_city, hangedman_decor_riveting
D:13:     layout_loops_ring, grunt_vaults_entry_fortified
D:14:     layout_long_grid, ebering_ghost_funeral_grove,
          nemelex_lonely_heart_becter, fedhas_ov_isle_minmay
D:15:     gammafunk_depths_entry_grave, layout_cave_pods,
          minmay_misc_feat_pillars
Temple:   hellmonk_temple_of_storms
Lair:1:   layout_regular_city, beast_lair_carwin_9, grunt_megastairs_5
Lair:2:   layout_regular_city, shoals_dummy_entry, uniq_amaemon, uniq_maggie
Lair:3:   beargit_carnivore_pack, layout_cave_pods, guppyfry_snake_entry_island,
          uniq_sonja
Lair:4:   layout_small_grid, slime_entry_2, portal_ice_cave_rime
Lair:5:   minmay_lair_end_frog_pond, layout_loops_ring, st_stairs_7,
          nzn_masters_of_martial_movement
Shoals:1: layout_shoals
Shoals:2: layout_shoals, nicolae_shoals_kraken_intersection
Shoals:3: argonaut_golden_fleece, layout_shoals, uniq_polyphemus
Orc:1:    layout_caves, serial_shops, nicolae_square_shop, lemuel_statue_altar,
          elf_legates, uniq_jorgrun
Orc:2:    st_orc_mages, layout_caves

Skill      XL: |  1  2  3  4  5  6  7  8  9 10 11 12 13 14 15 16 |
---------------+-------------------------------------------------+-----
Axes           | 3 4 5 6 8 9 11 12 14 15 17 18 | 18.0
Shields        | 4 5 6 7 8 9 11 12 13 14 15 | 15.3
Fighting       | 4 5 6 7 8 9 10 11 12 14 15 | 15.2
Armour         | 4 5 6 7 8 9 10 12 13 14 16 | 16.1
Invocations    | 1 2 3 4 5 7 8 9 10 11 12 | 12.3
Throwing       | 1 2 3 4 6 7 8 9 10 | 10.0

Action                     |  1- 3 |  4- 6 |  7- 9 | 10-12 | 13-15 | 16-18 || total
---------------------------+-------+-------+-------+-------+-------+-------++-------
  Melee: War axe           |    75 |    47 |    61 |       |       |       ||   183
         Headbutt          |     5 |     6 |    19 |    66 |   184 |    55 ||   335
         Broad axe         |       |       |    68 |   346 |   721 |   191 ||  1326
  Throw: Boomerang         |       |       |       |    11 |   113 |    33 ||   157
 Invoke: Heroism           |       |       |       |     3 |     8 |     2 ||    13
         Finesse           |       |       |       |     1 |     4 |     2 ||     7
  Evoke: Wand              |       |     2 |       |    16 |       |       ||    18
    Use: Scroll            |     2 |     3 |    15 |    11 |    12 |     2 ||    45
         Potion            |       |       |       |     2 |     2 |     2 ||     6
   Stab: Petrified         |       |       |       |       |       |     1 ||     1
         Sleeping          |       |       |       |       |       |     1 ||     1
 Armour: Scale mail        |    39 |     6 |       |       |       |       ||    45
         Chain mail        |       |    18 |    68 |   127 |       |       ||   213
         Ice dragon scales |       |       |       |    33 |   230 |       ||   263
         Plate armour      |       |       |       |       |   147 |   128 ||   275
  Dodge: Dodged            |    32 |    18 |    47 |   139 |   219 |    62 ||   517
  Block: Buckler           |    19 |    13 |    42 |   217 |   554 |   173 ||  1018
         Reflection        |       |       |       |     5 |    62 |    21 ||    88

Table legend: (Time is in decaauts)
 A = Elapsed time spent in this place.
 B = Non-inter-level travel time spent in this place.
 C = Inter-level travel time spent in this place.
 D = Time resting spent in this place.
 E = Time spent auto-exploring this place.
 F = Levels seen in this place.
 G = Mean time per level.
                   A        B        C        D        E       F      G
               +--------+--------+--------+--------+--------+-----+--------+
         Total |  27831 |  26299 |   1532 |   2534 |  17284 |  27 | 1030.8 |
       Dungeon |  14287 |  13327 |    960 |    575 |   9363 |  15 |  952.5 |
        Temple |      1 |      1 |      0 |      0 |      0 |   1 |    1.0 |
          Lair |   5627 |   5215 |    412 |    476 |   3885 |   5 | 1125.4 |
        Shoals |   3762 |   3703 |     59 |    392 |   2549 |   3 | 1254.0 |
  Orcish Mines |   2943 |   2844 |     99 |    859 |    979 |   2 | 1471.5 |
      Ice Cave |   1209 |   1209 |      0 |    232 |    507 |   1 | 1209.0 |
               +--------+--------+--------+--------+--------+-----+--------+

Top non-repeatable levels by time:
   Orc:1: 1952 daAuts
Shoals:1: 1668 daAuts
    D:14: 1524 daAuts
  Lair:4: 1387 daAuts
    D:15: 1318 daAuts
Shoals:2: 1276 daAuts
    D:12: 1273 daAuts
   IceCv: 1209 daAuts
  Lair:5: 1179 daAuts
  Lair:3: 1112 daAuts
     D:7: 1086 daAuts
    D:13: 1083 daAuts
     D:8: 1010 daAuts
  Lair:2: 1004 daAuts
   Orc:2: 991 daAuts
